SAA
LANCASTER FARMERS @ LONG ISLAND SEAWOLVES
06/24/2032
 
TOP OF THE 1ST
Lancaster Farmers batting - Pitching for Long Island Seawolves : RHP Floyd Cala
Pitching: RHP Floyd Cala
Batting: RHB José Xirau 0-0: Ball
1-0: Ground out 6-3 (Groundball, 6)
Batting: RHB Ramón Soto 0-0: Ball
1-0: Ball
2-0: Foul Ball, location: 2F
2-1: Fly out, F7 (Flyball, 78S)
Batting: RHB Hsi-men King 0-0: Ball
1-0: Called Strike
1-1: Called Strike
1-2: Strikes out swinging
Top of the 1st over - 0 runs, 0 hits, 0 errors, 0 left on base; Lancaster 0 - Long Island 0
BOTTOM OF THE 1ST
Long Island Seawolves batting - Pitching for Lancaster Farmers : RHP Mark Clift
Pitching: RHP Mark Clift
Batting: RHB Alfredo Escalante 0-0: Ground out 5-3 (Groundball, 56S)
Batting: RHB Sheldon Deshotels 0-0: Ball
1-0: Ball
2-0: Called Strike
2-1: Ball
3-1: Base on Balls
Batting: RHB Bill Rinck 0-0: Swinging Strike
0-1: Ball
1-1: Ball
Sheldon Deshotels steals 2nd base
2-1: Ball
3-1: Base on Balls
Batting: RHB Otis Brewer 0-0: Ball
1-0: Ball
2-0: Ball
3-0: Base on Balls
Sheldon Deshotels to third
Bill Rinck to second
Batting: SHB Alfredo Sánchez 0-0: Called Strike
0-1: SINGLE (Flyball, 78S)
Sheldon Deshotels scores
Bill Rinck to third
Otis Brewer to second
Runner from 3rd tries for Home, SAFE, no throw
Batting: RHB Pablo Ledesma 0-0: Called Strike
0-1: Called Strike
Otis Brewer steals 3rd base
0-2: Foul Ball, location: 2F
0-2: Foul Ball, location: 2F
0-2: Grounds into double play, 4-6-3 (Groundball, 4)
Bottom of the 1st over - 2 runs, 1 hit, 0 errors, 1 left on base; Lancaster 0 - Long Island 2
TOP OF THE 2ND
Lancaster Farmers batting - Pitching for Long Island Seawolves : RHP Floyd Cala
Batting: RHB Bobson Dugnutt 0-0: Ball
1-0: Called Strike
1-1: Ball
2-1: Swinging Strike
2-2: Foul Ball, location: 2F
2-2: Strikes out swinging
Batting: LHB Tullu Amaad 0-0: Ground out U3 (Groundball, 3L)
Batting: LHB Katsunan Taketo 0-0: Called Strike
0-1: Ball
1-1: Foul Ball, location: 2F
1-2: Foul Ball, location: 2F
1-2: Ground out 4-3 (Groundball, 4S)
Top of the 2nd over - 0 runs, 0 hits, 0 errors, 0 left on base; Lancaster 0 - Long Island 2
BOTTOM OF THE 2ND
Long Island Seawolves batting - Pitching for Lancaster Farmers : RHP Mark Clift
Batting: RHB Jeff MacCamie 0-0: Called Strike
0-1: TRIPLE (Flyball, 9D)
Batting: RHB Albert Covington 0-0: Swinging Strike
0-1: Fly out, F4 (Popup, 4S)
Batting: RHB Jesús Quintana 0-0: Called Strike
0-1: Ball
1-1: Swinging Strike
1-2: Strikes out looking
Batting: RHB Alfredo Escalante 0-0: Ground out 5-3 (Groundball, 56S)
Bottom of the 2nd over - 0 runs, 1 hit, 0 errors, 1 left on base; Lancaster 0 - Long Island 2
TOP OF THE 3RD
Lancaster Farmers batting - Pitching for Long Island Seawolves : RHP Floyd Cala
Batting: RHB Min-tae Yi 0-0: Called Strike
0-1: Ball
1-1: Called Strike
1-2: Strikes out swinging
Batting: RHB Marcel Roks 0-0: Ball
1-0: Ball
2-0: Called Strike
2-1: Ball
3-1: Called Strike
3-2: Foul Ball, location: 2F
3-2: Foul Ball, location: 2F
3-2: Strikes out swinging
Batting: RHB Jesús Herrera 0-0: Called Strike
0-1: Called Strike
0-2: Strikes out swinging
Top of the 3rd over - 0 runs, 0 hits, 0 errors, 0 left on base; Lancaster 0 - Long Island 2
BOTTOM OF THE 3RD
Long Island Seawolves batting - Pitching for Lancaster Farmers : RHP Mark Clift
Batting: RHB Sheldon Deshotels 0-0: Called Strike
0-1: Fly out, F6 (Popup, 6M)
Batting: RHB Bill Rinck 0-0: Ball
1-0: Called Strike
1-1: Ball
2-1: Foul Ball, location: 2F
2-2: Strikes out swinging
Batting: RHB Otis Brewer 0-0: Ball
1-0: Ball
2-0: Ball
3-0: Base on Balls
Batting: SHB Alfredo Sánchez 0-0: Swinging Strike
Otis Brewer is caught stealing 2nd base
Bottom of the 3rd over - 0 runs, 0 hits, 0 errors, 0 left on base; Lancaster 0 - Long Island 2
TOP OF THE 4TH
Lancaster Farmers batting - Pitching for Long Island Seawolves : RHP Floyd Cala
Batting: RHB José Xirau 0-0: Swinging Strike
0-1: Ball
1-1: Called Strike
1-2: SOLO HOME RUN (Line Drive, 7D), Distance : 346 ft
Batting: RHB Ramón Soto 0-0: Ball
1-0: Ball
2-0: Called Strike
2-1: Swinging Strike
2-2: Ball
3-2: SINGLE (Groundball, 56) (infield hit)
Batting: RHB Hsi-men King 0-0: Called Strike
0-1: SINGLE (Line Drive, 6M)
Ramón Soto to second
Batting: RHB Bobson Dugnutt 0-0: Ball
1-0: Fly out, F9 (Flyball, 9)
Runner from 2nd tags up, SAFE at 3rd with throw
Batting: LHB Tullu Amaad 0-0: Called Strike
0-1: Ball
1-1: Foul Ball, location: 2F
1-2: Fly out, F8 (Flyball, 8RS)
Runner from 3rd tags up, SCORES, throw made
Batting: LHB Katsunan Taketo 0-0: Ball
1-0: Called Strike
1-1: Ball
2-1: Called Strike
2-2: Fly out, F7 (Flyball, 78S)
Top of the 4th over - 2 runs, 3 hits, 0 errors, 1 left on base; Lancaster 2 - Long Island 2
BOTTOM OF THE 4TH
Long Island Seawolves batting - Pitching for Lancaster Farmers : RHP Mark Clift
Batting: SHB Alfredo Sánchez 0-0: Ball
1-0: Swinging Strike
1-1: Foul Ball, location: 2F
1-2: Ball
2-2: Foul Ball, location: 2F
2-2: Foul Ball, location: 2F
2-2: SINGLE (Groundball, 4MD)
Batting: RHB Pablo Ledesma 0-0: Ball
1-0: Ball
2-0: Ball
3-0: Base on Balls
Alfredo Sánchez to second
Batting: RHB Jeff MacCamie 0-0: Called Strike
0-1: Grounds into double play, 5-4-3 (Groundball, 5)
Alfredo Sánchez to third
Batting: RHB Albert Covington 0-0: SINGLE (Groundball, 6) (infield hit)
Alfredo Sánchez scores
Batting: RHB Jesús Quintana 0-0: Ball
1-0: Ball
Passed Ball!
Albert Covington to second
2-0: Ball
3-0: Base on Balls
Batting: RHB Alfredo Escalante 0-0: Foul Ball, location: 2F
0-1: Ball
1-1: SINGLE (Groundball, 56) (infield hit)
Albert Covington to third
Jesús Quintana to second
Batting: RHB Sheldon Deshotels 0-0: Called Strike
0-1: Foul Ball, location: 2F
0-2: Ball
1-2: Foul Ball, location: 2F
1-2: Foul Ball, location: 2F
1-2: Ball
2-2: Foul Ball, location: 2F
2-2: Ground out 2-3 (Groundball, 15S)
Bottom of the 4th over - 1 run, 3 hits, 0 errors, 3 left on base; Lancaster 2 - Long Island 3
TOP OF THE 5TH
Lancaster Farmers batting - Pitching for Long Island Seawolves : RHP Floyd Cala
Batting: RHB Min-tae Yi 0-0: Foul Ball, location: 2F
0-1: Ground out 4-3 (Groundball, 4)
Batting: RHB Marcel Roks 0-0: Called Strike
0-1: Ball
1-1: SINGLE (Groundball, 5D)
Batting: RHB Jesús Herrera 0-0: Ball
1-0: Called Strike
1-1: Ball
2-1: SINGLE (Flyball, 8RS)
Marcel Roks to second
Batting: RHB José Xirau 0-0: Ground out 6-3 (Groundball, 6S)
Marcel Roks to third
Jesús Herrera to second
Batting: RHB Ramón Soto 0-0: Ball
1-0: Swinging Strike
1-1: 3-RUN HOME RUN (Flyball, 7LD), Distance : 338 ft
Batting: RHB Hsi-men King 0-0: Ground out 6-3 (Groundball, 56)
Top of the 5th over - 3 runs, 3 hits, 0 errors, 0 left on base; Lancaster 5 - Long Island 3
BOTTOM OF THE 5TH
Long Island Seawolves batting - Pitching for Lancaster Farmers : RHP Mark Clift
Batting: RHB Bill Rinck 0-0: Ball
1-0: Ball
2-0: Called Strike
2-1: Ball
3-1: Foul Ball, location: 2F
3-2: Base on Balls
Batting: RHB Otis Brewer 0-0: SINGLE (Line Drive, 89S)
Bill Rinck to second
Batting: SHB Alfredo Sánchez 0-0: Called Strike
0-1: 3-RUN HOME RUN (Flyball, 9LD), Distance : 314 ft
Batting: RHB Pablo Ledesma 0-0: Called Strike
0-1: Ball
1-1: Foul Ball, location: 2F
1-2: Ball
2-2: Ground out 6-3 (Groundball, 6)
Batting: RHB Jeff MacCamie 0-0: SINGLE (Line Drive, 89S)
Batting: RHB Albert Covington 0-0: Ball
1-0: Called Strike
1-1: Foul Ball, location: 2F
1-2: Ball
2-2: Ball
3-2: Foul Ball, location: 2F
3-2: SINGLE (Line Drive, 89M)
Jeff MacCamie to second
Jeff MacCamie to third
Batting: RHB Jesús Quintana 0-0: Ball
1-0: Ball
2-0: Called Strike
2-1: Called Strike
2-2: Ground out 6-3 (Groundball, 6S)
Jeff MacCamie scores
Albert Covington to second
Batting: RHB Alfredo Escalante 0-0: Ground out 5-3 (Groundball, 56)
Bottom of the 5th over - 4 runs, 4 hits, 0 errors, 1 left on base; Lancaster 5 - Long Island 7
TOP OF THE 6TH
Lancaster Farmers batting - Pitching for Long Island Seawolves : RHP Floyd Cala
Batting: RHB Bobson Dugnutt 0-0: Ball
1-0: Ball
2-0: Ball
3-0: Called Strike
3-1: Fly out, F8 (Flyball, 78D)
Batting: LHB Tullu Amaad 0-0: Called Strike
0-1: Fly out, F3 (Line Drive, 3)
Now at 1B: Pedro Colón
Batting: LHB Katsunan Taketo 0-0: Called Strike
0-1: Fly out, F8 (Flyball, 8RS)
Top of the 6th over - 0 runs, 0 hits, 0 errors, 0 left on base; Lancaster 5 - Long Island 7
BOTTOM OF THE 6TH
Long Island Seawolves batting - Pitching for Lancaster Farmers : RHP Mark Clift
Pitching: RHP Benedicto Castellon
Batting: RHB Sheldon Deshotels 0-0: Ball
1-0: Ball
2-0: Ball
3-0: Base on Balls
Batting: RHB Bill Rinck 0-0: Fly out, F6 (Line Drive, 56)
Batting: RHB Otis Brewer 0-0: Called Strike
0-1: Ball
1-1: Grounds into double play, 6-4-3 (Groundball, 6)
Bottom of the 6th over - 0 runs, 0 hits, 0 errors, 0 left on base; Lancaster 5 - Long Island 7
TOP OF THE 7TH
Lancaster Farmers batting - Pitching for Long Island Seawolves : RHP Floyd Cala
Batting: RHB Min-tae Yi 0-0: Ball
1-0: Ball
2-0: Fly out, F8 (Flyball, 89M)
Batting: RHB Marcel Roks 0-0: Ball
1-0: Foul Ball, location: 2F
1-1: Swinging Strike
1-2: Ball
2-2: Ball
3-2: SINGLE (Line Drive, 8LS)
Batting: RHB Jesús Herrera 0-0: Ball
1-0: Ball
2-0: Fly out, F7 (Flyball, 7LM)
Batting: RHB José Xirau 0-0: Ball
1-0: Foul Ball, location: 2F
1-1: Foul Ball, location: 2F
1-2: Fielders Choice at 2nd, 6-4 (Groundball, 6)
Top of the 7th over - 0 runs, 1 hit, 0 errors, 1 left on base; Lancaster 5 - Long Island 7
BOTTOM OF THE 7TH
Long Island Seawolves batting - Pitching for Lancaster Farmers : RHP Benedicto Castellon
Batting: LHB Pedro Colón 0-0: Ball
1-0: Ball
2-0: Ball
3-0: Base on Balls
Batting: RHB Pablo Ledesma 0-0: SINGLE (Line Drive, 7S)
Pedro Colón to second
Batting: RHB Jeff MacCamie 0-0: Called Strike
0-1: Ball
1-1: Bunted foul
1-2: Reached on error, E5 (Groundball, 56S)
Pedro Colón to third
Pablo Ledesma to second
Batting: RHB Albert Covington 0-0: SINGLE (Groundball, 3D)
Pedro Colón scores
Pablo Ledesma to third
Jeff MacCamie to second
Pinch Hitting: LHB Roberto Valle 0-0: Ball
1-0: Foul Ball, location: 2F
1-1: Foul Ball, location: 2F
1-2: Fly out, F4 (Line Drive, 4M)
Batting: RHB Alfredo Escalante 0-0: Ball
1-0: Ball
2-0: Called Strike
2-1: Foul Ball, location: 2F
2-2: Foul Ball, location: 2F
2-2: Grounds into fielders choice 3-2 (Groundball, 34S)
Jeff MacCamie to third
Albert Covington to second
Batting: RHB Sheldon Deshotels 0-0: Ball
1-0: Foul Ball, location: 2F
1-1: Ball
2-1: Ball
3-1: Base on Balls
Jeff MacCamie scores
Albert Covington to third
Alfredo Escalante to second
Batting: RHB Bill Rinck 0-0: Called Strike
0-1: Ball
1-1: Swinging Strike
1-2: Ball
2-2: Ball
3-2: Ground out 1-3 (Groundball, P)
Bottom of the 7th over - 2 runs, 2 hits, 1 error, 3 left on base; Lancaster 5 - Long Island 9
TOP OF THE 8TH
Lancaster Farmers batting - Pitching for Long Island Seawolves : RHP Floyd Cala
Pitching: RHP Vinny Mariani
Now at 2B: Roberto Valle
Batting: RHB Ramón Soto 0-0: Ball
1-0: Called Strike
1-1: Foul Ball, location: 2F
1-2: Ball
2-2: Ball
3-2: Fly out, F7 (Line Drive, 7S)
Batting: RHB Hsi-men King 0-0: Ball
1-0: Foul Ball, location: 2F
1-1: Foul Ball, location: 2F
1-2: Ball
2-2: SINGLE (Line Drive, 6MD)
Batting: RHB Bobson Dugnutt 0-0: Ball
1-0: Foul Ball, location: 2F
1-1: Called Strike
1-2: SINGLE (Groundball, 56D)
Hsi-men King to second
Batting: LHB Tullu Amaad 0-0: Foul Ball, location: 2F
0-1: Swinging Strike
0-2: Strikes out swinging
Batting: LHB Katsunan Taketo Balk!
Hsi-men King to third
Bobson Dugnutt to second
0-0: Called Strike
0-1: Foul Ball, location: 2F
0-2: Strikes out swinging
Top of the 8th over - 0 runs, 2 hits, 0 errors, 2 left on base; Lancaster 5 - Long Island 9
BOTTOM OF THE 8TH
Long Island Seawolves batting - Pitching for Lancaster Farmers : RHP Benedicto Castellon
Batting: RHB Otis Brewer 0-0: Ball
1-0: Ball
2-0: SINGLE (Flyball, 7LM)
Batting: LHB Pedro Colón 0-0: Called Strike
0-1: Ball
1-1: Ball
2-1: Ball
3-1: Fly out, F9 (Flyball, 9LS)
Batting: RHB Pablo Ledesma 0-0: Ball
1-0: Called Strike
1-1: Foul Ball, location: 2F
1-2: Foul Ball, location: 2F
1-2: Grounds into double play, 6-4-3 (Groundball, 6)
Bottom of the 8th over - 0 runs, 1 hit, 0 errors, 0 left on base; Lancaster 5 - Long Island 9
TOP OF THE 9TH
Lancaster Farmers batting - Pitching for Long Island Seawolves : RHP Vinny Mariani
Pitching: RHP Ron Crumpacker
Batting: RHB Min-tae Yi 0-0: Ball
1-0: Foul Ball, location: 2F
1-1: Foul Ball, location: 2F
1-2: Strikes out swinging
Batting: RHB Marcel Roks 0-0: Called Strike
0-1: Ball
1-1: Ball
2-1: Ball
3-1: Foul Ball, location: 2F
3-2: DOUBLE (Line Drive, 7LD)
Batting: RHB Jesús Herrera 0-0: Ball
1-0: Fly out, F7 (Flyball, 78S)
Batting: RHB José Xirau 0-0: Ground out 6-3 (Groundball, 6)
Top of the 9th over - 0 runs, 1 hit, 0 errors, 1 left on base; Lancaster 5 - Long Island 9
Wednesday, September 19th, 2018 - OOTP Baseball 18.8 Build 76